 Dungeon Crawl Stone Soup version 0.31-a0-1591-g515db51633 (webtiles) character file.

Game seed: 14842329859740715487

2722 BigPumpCobain the Grappler (level 9, -5/127 HPs)
             Began as a Troll Shapeshifter on Jan 6, 2024.
             Was a Follower of the Shining One.
             Slain by a centaur warrior
             ... wielding a +0 orcbow
              (11 damage)
             ... on level 8 of the Dungeon.
             The game lasted 00:08:20 (5508 turns).

BigPumpCobain the Grappler (Troll Shapeshifter)     Turns: 5508, Time: 00:08:20

Health: -5/127     AC: 24    Str: 34    XL:     9   Next: 39%
Magic:  8/8        EV:  1    Int:  6    God:    the Shining One [*.....]
Gold:   664        SH:  5    Dex:  9    Spells: 8/8 levels left

rFire   . .          .
                       - Unarmed
rCold   + . .        (no shield)
rNeg    . . .        a - melded +1 animal skin
rPois   +            (helmet currently unavailable)
rElec   .            (cloak currently unavailable)
rCorr   .            (gloves unavailable)
SInv    .            (boots unavailable)
Will    .....        A - amulet of reflection
Stlth   +            l - ring of protection from cold
HPRegen 1.21/turn    y - +6 ring of strength
MPRegen 0.11/turn

%: reflection
@: tree-form, glowing
A: stationary, stasis, torment immunity, boosted hp, large, unfitting armour,
(claws 3), regeneration 1, (shaggy fur 1), (tough skin 1)
a: Renounce Religion, Divine Shield


You were on level 8 of the Dungeon.
You worshipped the Shining One.
The Shining One was aware of your devotion.
You were a tree.
You visited 2 branches of the dungeon, and saw 9 of its levels.
You also visited: Ossuary.

You collected 664 gold pieces.

Inventory:

Armour
 a - a +1 animal skin (melded)
Jewellery
 k - a ring of fire
 l - a ring of protection from cold (left branch)
 m - an amulet of magic regeneration
 y - a +6 ring of strength (right branch)
 A - an amulet of reflection (around neck)
Talismans
 c - a beast talisman
 d - a flux talisman
Wands
 p - a wand of polymorph (7)
 x - a wand of digging (5)
Scrolls
 h - 4 scrolls of immolation
 n - a scroll of teleportation
 o - a scroll of brand weapon
 r - 3 scrolls of enchant weapon
 w - 4 scrolls of fear
 z - a scroll of identify
 B - a scroll of fog {unknown}
Potions
 e - a potion of haste
 f - 4 potions of degeneration
 g - 2 potions of resistance
 i - 2 potions of cancellation
 j - 2 potions of curing
 q - a potion of brilliance {unknown}
 s - a potion of mutation {unknown}
 t - a potion of magic {unknown}
 u - 2 potions of attraction
 v - 2 potions of might {unknown}


   Skills:
 + Level 4.7 Fighting
 - Level 1.5 Dodging
 * Level 8.8 Unarmed Combat
 * Level 8.1 Shapeshifting


You had 8 spell levels left.
You didn't know any spells.
Your spell library contained the following spells:

 Spells                   Type           Power      Damage    Failure   Level
 Ensorcelled Hibernation  Hex/Ice        0%         N/A       58%         2
 Fugue of the Fallen      Necr           0%         N/A       83%         3
 Ozocubu's Armour         Ice            0%         N/A       83%         3
 Passwall                 Erth           0%         N/A       83%         3
 Swiftness                Air            0%         N/A       83%         3
 Manifold Assault         Tloc           0%         N/A       99%         4
 Metabolic Englaciation   Hex/Ice        0%         N/A       100%        5
 Sculpt Simulacrum        Ice/Alch       0%         N/A       100%        6


Dungeon Overview and Level Annotations

Branches:
Dungeon (8/15)             Temple (1/1) D:5         Ossuary (visited)
   Lair: D:8-11

Altars:
Ashenzari
Cheibriados
Dithmenos
Elyvilon
Fedhas
Gozag
Hepliaklqana
Kikubaaqudgha
Makhleb
Nemelex Xobeh
Okawaru
Qazlal
Ru
Sif Muna
Trog
Uskayaw
Vehumet
Wu Jian
Xom
Yredelemnul
Zin
The Shining One

Annotations:
D:4 2 transporters, ojifijod's ghost, amateur OnGl
D:7 2 transporters, Ofeo's ghost, novice DrBr
Temple 2 transporters


Innate Abilities, Weirdness & Mutations

You are a tree.
Your roots penetrate the ground, keeping you stationary.
You cannot be teleported.
You are immune to unholy pain and torment.
Your maximum health is greatly increased.
Your equipment is partially melded.
You are too large for most types of armour.
((You have claws for hands.))
Your natural rate of healing is unusually fast.
((You are covered in fur. (AC +1)))
((You have tough skin. (AC +1)))


Message History

A two-headed ogre comes into view.
It is wielding a +0 giant club and a +0 dire flail.
You block the centaur warrior's attack.
The centaur warrior kicks you but does no damage.
Your transformation has ended.
You turn into a tree.
Your +1 animal skin melds into your body.
Your roots penetrate the ground.
You feel sick.
The killer bee stings you but does no damage.
The killer bee stings you.
* * * LOW HITPOINT WARNING * * *
The centaur warrior hits you with a +0 orcbow!
* * * LOW HITPOINT WARNING * * *
You block the centaur warrior's attack.
You feel better.
The killer bee stings you but does no damage.
The centaur warrior hits you but does no damage.
The centaur warrior kicks you but does no damage.
The killer bee stings you.
* * * LOW HITPOINT WARNING * * *
The centaur warrior hits you with a +0 orcbow.
* * * LOW HITPOINT WARNING * * *
You block the centaur warrior's attack.
You hit the centaur warrior but do no damage.
The centaur warrior is heavily wounded.
The killer bee completely misses you.
The killer bee stings you but does no damage.
The centaur warrior hits you but does no damage.
The centaur warrior kicks you but does no damage.
You hit the centaur warrior.
The centaur warrior is severely wounded.
The killer bee stings you but does no damage.
The centaur warrior hits you with a +0 orcbow.
* * * LOW HITPOINT WARNING * * *
The centaur warrior kicks you but does no damage.
The killer bee stings you but does no damage.
You hit the centaur warrior.
The centaur warrior is severely wounded.
You block the killer bee's attack.
The centaur warrior hits you with a +0 orcbow!
You die...

...........###..
............. ...
............. ....
............#..#..
#.......)..#....
##........?..O.
#.........yc#
#.........♣.#..
#.........#.......
#.....))........##
##.....)........#
#.....)....#..##
###.#.#...#...#
#....#..####..
#......##......
####.........


You could see a centaur warrior, a two-headed ogre and a killer bee.

Vanquished Creatures
  Prince Ribbit (D:7)
  A yak (D:8)
  An acid dragon (D:6)
  A water moccasin (D:7)
  3 ice beasts
  A black bear (D:5)
  3 ogres
  2 centaurs (D:8)
  Blork the orc (D:4)
  A kobold brigand (D:6)
  A bullfrog (D:6)
  A gnoll sergeant (D:6)
  4 scorpions
  5 wights (D:7)
  2 hounds
  An orc priest (D:3)
  A bombardier beetle (D:3)
  2 iguanas
  A sleepcap (D:7)
  Ijyb (D:4)
  8 mummies (Ossuary)
  Robin (D:3)
  4 gnolls (D:6)
  8 adders
  3 white imps
  4 ufetubi
  4 dart slugs
  2 ribbon worms
  16 orcs
  7 endoplasms
  3 giant cockroaches
  13 goblins
  15 hobgoblins
  9 jackals
  18 kobolds
  4 quokkas
  8 ball pythons
  4 bats
  6 frilled lizards
  A gnoll zombie (Ossuary)
  A hobgoblin zombie (Ossuary)
  4 kobold zombies (Ossuary)
  2 orc zombies (Ossuary)
  10 rats
189 creatures vanquished.

Notes
Turn   | Place    | Note
-------+----------+-------------------------------------------
     0 | D:1      | BigPumpCobain the Troll Shapeshifter began the quest for
                  | the Orb.
     0 | D:1      | Reached XP level 1. HP: 18/18 MP: 0/0
   124 | D:1      | Reached skill level 1 in Fighting
   132 | D:1      | Reached XP level 2. HP: 27/27 MP: 1/1
   340 | D:1      | Reached XP level 3. HP: 27/33 MP: 2/2
  1427 | D:2      | Reached XP level 4. HP: 41/41 MP: 3/3
  1775 | D:3      | Noticed an ogre
  1778 | D:3      | Killed an ogre
  1779 | D:3      | Reached XP level 5. HP: 49/49 MP: 4/4
  2342 | D:3      | Identified the +1 helmet of Spring {^Contam ^Drain +Inv
                  | Str+9}
  2342 | D:3      | Noticed Robin
  2345 | D:3      | Reached XP level 6. HP: 53/57 MP: 5/5
  2354 | D:3      | Killed Robin
  2574 | D:4      | Reached skill level 5 in Unarmed Combat
  2639 | D:4      | Found a transporter.
  2642 | D:4      | Noticed ojifijod's ghost (amateur OnGl)
  2643 | D:4      | Found a transporter.
  2764 | D:4      | Noticed Blork the orc
  2767 | D:4      | Noticed Ijyb
  2773 | D:4      | Killed Blork the orc
  2774 | D:4      | Reached skill level 5 in Shapeshifting
  2777 | D:4      | Killed Ijyb
  2877 | D:4      | Found a sand-covered staircase.
  2890 | Ossuary  | Entered an ossuary
  2899 | Ossuary  | Reached XP level 7. HP: 64/66 MP: 6/6
  3400 | D:5      | Entered Level 5 of the Dungeon
  3483 | D:5      | Found a staircase to the Ecumenical Temple.
  3491 | Temple   | Found a transporter.
  3491 | Temple   | Found a transporter.
  3491 | Temple   | Found a transporter.
  3491 | Temple   | Found a transporter.
  3491 | Temple   | Entered the Ecumenical Temple
  3510 | Temple   | Became a worshipper of the Shining One
  3793 | D:5      | Reached XP level 8. HP: 69/75 MP: 7/7
  4361 | D:6      | Found the +1 Delatra's gloves {ID++}
  4408 | D:6      | Reached * piety under the Shining One
  4929 | D:7      | Found a shimmering altar of Xom.
  4935 | D:7      | Found a sparkling altar of Nemelex Xobeh.
  4936 | D:7      | Found a blossoming altar of Fedhas.
  5002 | D:7      | Reached XP level 9. HP: 84/84 MP: 8/8
  5247 | D:7      | Found a transporter.
  5292 | D:7      | Noticed Ofeo's ghost (novice DrBr)
  5315 | D:7      | Noticed Prince Ribbit
  5326 | D:7      | Killed Prince Ribbit
  5367 | D:7      | Found a transporter.
  5493 | D:8      | Noticed a centaur warrior
  5503 | D:8      | Noticed a two-headed ogre
  5504 | D:8      | HP: 6/127 [centaur warrior/+0 orcbow (7)]
  5508 | D:8      | Slain by a centaur warrior

Illustrated notes

Levels and vault maps discovered:
D:1:      dpeg_arrival_boxes_within_box, layout_basic, serial_glass,
          glass_columns_c, glass_columns_c, glass_columns_a, glass_columns_c,
          glass_columns_b, glass_columns_c, glass_columns_b, glass_columns_a,
          glass_columns_b, glass_columns_c, glass_columns_a, glass_columns_a,
          glass_columns_b, glass_columns_a, hangedman_feature_mirror,
          serial_park_tiny_pond
D:2:      layout_loops_corners
D:3:      layout_loops_cross, chequers_serial_rivers_micro_c,
          grunt_ministairs_5, uniq_robin
D:4:      layout_basic, lightli_ossuary_entry_decrepit_ruins,
          gammafunk_ghost_mausoleum, hangedman_decor_push, corexii_corridor_pit,
          uniq_blork_the_orc, uniq_ijyb
D:5:      layout_loops_ring, minmay_temple_entry_drinking_statues
D:6:      layout_loops_ring, hangedman_decor_riveting
D:7:      layout_basic, grunt_temple_overflow_open, gammafunk_ghost_stat_death,
          uniq_prince_ribbit1
D:8:      minmay_bloctagon, layout_cave_pools, serial_shops, shop,
          chequers_mini_garden, minmay_manual_monolith
Temple:   hellmonk_temple_divided_pantheon

Skill      XL: |  1  2  3  4  5  6  7  8  9 |
---------------+----------------------------+-----
Fighting       | 1 2 3 4 |  4.7
Unarmed Combat | 4 5 6 8 |  8.8
Shapeshifting  | 4 5 6 7 8 |  8.1
Dodging        | |  1.5

Action                     |  1- 3 |  4- 6 |  7- 9 || total
---------------------------+-------+-------+-------++-------
  Melee: Unarmed           |    94 |   134 |   185 ||   413
         Punch             |     2 |     2 |     7 ||    11
    Use: Scroll            |     4 |     6 |     6 ||    16
         Potion            |       |     1 |     2 ||     3
 Armour: Animal skin       |    64 |    94 |   138 ||   296
         Skin              |       |   104 |    16 ||   120
  Dodge: Dodged            |    35 |    70 |    85 ||   190
  Block: Other             |       |       |    12 ||    12
         Reflection        |       |       |     1 ||     1

Table legend: (Time is in decaauts)
 A = Elapsed time spent in this place.
 B = Non-inter-level travel time spent in this place.
 C = Inter-level travel time spent in this place.
 D = Time resting spent in this place.
 E = Time spent auto-exploring this place.
 F = Levels seen in this place.
 G = Mean time per level.
                   A        B        C        D        E       F      G
               +--------+--------+--------+--------+--------+-----+--------+
         Total |   5470 |   5273 |    197 |      0 |   4303 |  10 |  547.0 |
       Dungeon |   5207 |   5019 |    188 |      0 |   4154 |   8 |  650.9 |
        Temple |     34 |     26 |      8 |      0 |      0 |   1 |   34.0 |
       Ossuary |    229 |    229 |      0 |      0 |    149 |   1 |  229.0 |
               +--------+--------+--------+--------+--------+-----+--------+

Top non-repeatable levels by time:
     D:1: 903 daAuts
     D:2: 864 daAuts
     D:3: 723 daAuts
     D:6: 682 daAuts
     D:7: 666 daAuts
     D:4: 654 daAuts
     D:5: 621 daAuts
 Ossuary: 229 daAuts
     D:8: 88 daAuts
  Temple: 34 daAuts
